 Dungeon Crawl Stone Soup version 0.22.1-1-ga44c0e56f4 (webtiles) character file.

5534 PikkenKukken the Martial Artist (level 10, -1/76 HPs)
             Began as a Gnoll Transmuter on Sept 30, 2018.
             Was an Initiate of Gozag.
             Slain by a yak (9 damage)
             ... on level 10 of the Dungeon.
             The game lasted 00:28:33 (11142 turns).

PikkenKukken the Martial Artist (Gnoll Transmuter) Turns: 11142, Time: 00:28:33

Health: -1/76      AC:  3    Str: 14    XL:     10   Next: 71%
Magic:  18/21      EV: 15    Int: 16    God:    Gozag
Gold:   869        SH: 13    Dex: 20    Spells: 18/24 levels left

rFire    . . .     SeeInvis .   c - +10 hand axe "Giantslayer" {drain, rC+}
rCold    + . .     Gourm    .   g - +3 shield
rNeg     . . .     Faith    .   D - +0 leather armour
rPois    .         Spirit   .   (no helmet)
rElec    .         Reflect  .   (no cloak)
rCorr    .         Harm     .   (no gloves)
MR       .....                  (no boots)
Stlth    +++.......             (no amulet)
HPRegen  0.22/turn              q - +3 ring of dexterity
MPRegen  0.17/turn              (no ring)

@: gold aura, hasted, very quick
A: distributed training, fangs 1, strong nose
a: Potion Petition, Call Merchant, Bribe Branch, Renounce Religion


You were on level 10 of the Dungeon.
You worshipped Gozag.
Gozag was pleased with you.
You were not hungry.

You visited 1 branch of the dungeon, and saw 10 of its levels.

You collected 1239 gold pieces.
You paid 370 gold pieces to Gozag.

Inventory:

Hand Weapons
 c - the +10 hand axe "Giantslayer" (weapon) {drain, rC+}
   (You took it off an orc on level 8 of the Dungeon)

   A truly terrible weapon, it drains the life of those it strikes.
   It protects you from cold.
 k - a +2 short sword of draining
Missiles
 a - 61 arrows
 h - 2 javelins (quivered)
Armour
 g - a +3 shield (worn)
 D - a +0 leather armour (worn)
Jewellery
 q - a +3 ring of dexterity (left hand)
 s - an uncursed ring of wizardry
 v - a +3 ring of evasion
Wands
 o - a wand of enslavement (12)
 t - a wand of digging (23)
 w - a wand of flame (46)
 y - a wand of acid (11)
 C - a wand of iceblast (8)
Scrolls
 f - 2 scrolls of remove curse
 u - a scroll of teleportation
 B - a scroll of amnesia
 F - a scroll of fear
 G - a scroll of identify
Potions
 b - 2 potions of agility
 e - a potion of invisibility
 i - 3 potions of lignification
 j - a potion of cancellation
 l - 2 potions of resistance
 m - a potion of brilliance
 n - a potion of might
 p - 2 potions of ambrosia
 r - 2 potions of curing
 x - 4 potions of haste {unknown}
 z - 2 potions of heal wounds {unknown}
 A - 2 potions of flight {unknown}
 E - a potion of magic {unknown}
Comestibles
 d - 4 rations


   Skills:
 + Level 6.1 Fighting
 + Level 5.4 Short Blades
 + Level 5.4 Long Blades
 + Level 5.4 Axes
 + Level 5.4 Maces & Flails
 + Level 5.4 Polearms
 + Level 5.4 Staves
 + Level 5.4 Slings
 + Level 5.4 Bows
 + Level 5.4 Crossbows
 + Level 5.4 Throwing
 + Level 5.4 Armour
 + Level 7.2 Dodging
 + Level 5.4 Stealth
 + Level 5.4 Shields
 + Level 8.6 Unarmed Combat
 + Level 7.5 Spellcasting
 + Level 4.5 Conjurations
 + Level 4.5 Hexes
 + Level 4.5 Charms
 + Level 4.5 Summonings
 + Level 4.5 Necromancy
 + Level 4.5 Translocations
 + Level 6.0 Transmutations
 + Level 4.5 Fire Magic
 + Level 4.5 Ice Magic
 + Level 4.5 Air Magic
 + Level 4.5 Earth Magic
 + Level 4.5 Poison Magic
 + Level 6.0 Invocations
 + Level 5.4 Evocations


You had 18 spell levels left.
You knew the following spells:

 Your Spells              Type           Power        Failure   Level  Hunger
a - Beastly Appendage     Tmut           ####..       4%          1    None
b - Sticks to Snakes      Tmut           ####....     6%          2    None
c - Mephitic Cloud        Conj/Pois/Air  ###.....     24%         3    ##.....

Your spell library contained the following spells:

 Spells                   Type           Power        Failure   Level  Hunger
 Summon Small Mammal      Summ           ###.         8%          1    None
 Call Imp                 Summ           ###.....     12%         2    None
 Poisonous Vapours        Pois/Air       ###...       12%         2    None
 Spider Form              Tmut/Pois      ###.......   17%         3    ##.....
 Call Canine Familiar     Summ           ###.....     24%         3    ##.....
 Conjure Flame            Conj/Fire      ###.....     24%         3    ##.....
 Summon Guardian Golem    Hex/Summ       ###.....     24%         3    ##.....
 Ice Form                 Ice/Tmut       ###.....     50%         4    ####...
 Summon Ice Beast         Ice/Summ       ###.....     61%         4    ####...
 Summon Lightning Spire   Summ/Air       ###.....     61%         4    ####...
 Blade Hands              Tmut           ####......   75%         5    #####..
 Freezing Cloud           Conj/Ice/Air   ###.......   100%        6    #######
 Ring of Flames           Chrm/Fire      ###.......   100%        7    #######


Dungeon Overview and Level Annotations

Branches:
Dungeon (10/15)            Temple (0/1) D:4            Lair (0/6) D:8
    Orc: D:9-12

Altars:
Cheibriados
Dithmenos
Elyvilon
Gozag
Hepliaklqana
Nemelex Xobeh
Okawaru
Sif Muna
Trog
Uskayaw
Yredelemnul

Shops:
D:4 *

Annotations:
D:3 2 runed doors, Knicklaso's ghost, amateur DsWz
D:10 2 transporters, chipichau's ghost, journeyman SpAr


Innate Abilities, Weirdness & Mutations

Your experience applies equally to all skills.
You have very sharp teeth.
Your uncanny sense of smell can sniff out nearby items.


Message History

Your Transmutations skill increases to level 6!
Your Invocations skill increases to level 6!
A sky beast comes into view.
The yak gores you!
* * * LOW HITPOINT WARNING * * *
Your ball python bites the yak but does no damage.
Unknown command.
Your shield prevents you from hitting the yak.
The yak is severely wounded.
You slash the yak! You hit the yak. You drain the yak! The yak gores you!
* * * LOW HITPOINT WARNING * * *
The sky beast flickers out of sight!
You closely miss the yak.
The yak is severely wounded.
You slash the yak! You barely miss the yak.
Your ball python bites the yak but does no damage.
The yak closely misses your ball python.
The yak gores you!
You die...
Your body crumbles into a pile of gold.

.###..S.......#.........#
).##S####..##.#.##.#.##.#
©..#.####..........#.##.###
.....##...).#.#.####.##...#
.###.##.#..##.#S####.####.#
.# #..........#S..S..# #.#
.# #.##.##.########### #.#
.###.##.##.####### #.#
###.....##.#..SY@# #.#
.#...#####.#...YY# #.#
.........(......Y# #####.#
.#.........#.....# #.....#
###.....####.....# #.#####
##.....# ####### #.#
##...## #.# ##.## #.#
#.####### #.#


You could see 4 yaks and a friendly ball python.

Vanquished Creatures
  A two-headed ogre (D:8)
  A hippogriff (D:9)
  A spriggan (D:8)
  A yak (D:10)
  2 hungry ghosts (D:9)
  3 sky beasts
  A black bear (D:10)
  3 orc warriors
  An ice beast (D:5)
  5 ogres
  A phantom (D:9)
  2 centaurs
  A big kobold (D:7)
  3 bullfrogs
  A water moccasin skeleton (D:7)
  A scorpion (D:10)
  12 killer bees
  A howler monkey (D:8)
  2 crimson imps
  A centaur zombie (D:9)
  3 hounds
  3 gnoll shamans (D:3)
  4 orc priests
  A jelly (D:5)
  2 iguanas (D:6)
  A human skeleton (D:3)
  5 bullfrog skeletons
  2 orc wizards
  7 worker ants
  2 hound zombies
  A hound skeleton (D:7)
  2 worker ant zombies
  25 gnolls
  15 adders
  2 oozes
  2 adder skeletons
  A worm (D:4)
  2 dart slugs
  A leopard gecko (D:3)
  20 orcs
  2 ball pythons
  2 giant cockroaches (D:1)
  8 goblins
  8 hobgoblins
  29 jackals
  10 kobolds
  5 quokkas
  8 bats
  4 frilled lizards
  A jackal skeleton (D:5)
  9 rats
  2 plants (D:2)
233 creatures vanquished.

Vanquished Creatures (collateral kills)
  A deep elf mage (D:10)
  A black bear (D:7)
  A bullfrog (D:6)
  An orc wizard (D:3)
  A bullfrog skeleton (D:4)
  3 gnolls (D:3)
  2 adders
  A worm (D:3)
  A dart slug (D:2)
  4 orcs
  2 hobgoblins
  A quokka (D:2)
  A goblin (D:2)
20 creatures vanquished.

Grand Total: 253 creatures vanquished

Notes
Turn   | Place    | Note
-------+----------+-------------------------------------------
     0 | D:1      | PikkenKukken the Gnoll Transmuter began the quest for the
                  | Orb.
     0 | D:1      | Reached XP level 1. HP: 17/17 MP: 6/6
   158 | D:1      | Reached XP level 2. HP: 23/23 MP: 7/7
   370 | D:1      | Reached XP level 3. HP: 28/28 MP: 7/9
   521 | D:1      | Reached skill level 5 in Spellcasting
   682 | D:2      | Learned a level 2 spell: Sticks to Snakes
   702 | D:2      | Reached skill level 1 in Invocations
  1053 | D:2      | Found a sparkling altar of Nemelex Xobeh.
  1088 | D:2      | Reached skill level 1 in Short Blades
  1088 | D:2      | Reached skill level 1 in Long Blades
  1088 | D:2      | Reached skill level 1 in Axes
  1088 | D:2      | Reached skill level 1 in Maces & Flails
  1088 | D:2      | Reached skill level 1 in Polearms
  1088 | D:2      | Reached skill level 1 in Staves
  1088 | D:2      | Reached skill level 1 in Slings
  1088 | D:2      | Reached skill level 1 in Bows
  1088 | D:2      | Reached skill level 1 in Crossbows
  1088 | D:2      | Reached skill level 1 in Throwing
  1088 | D:2      | Reached skill level 1 in Armour
  1088 | D:2      | Reached skill level 1 in Stealth
  1088 | D:2      | Reached skill level 1 in Shields
  1088 | D:2      | Reached skill level 1 in Evocations
  1115 | D:2      | Reached XP level 4. HP: 34/34 MP: 11/11
  2212 | D:3      | Reached skill level 1 in Conjurations
  2212 | D:3      | Reached skill level 1 in Hexes
  2212 | D:3      | Reached skill level 1 in Charms
  2212 | D:3      | Reached skill level 1 in Summonings
  2212 | D:3      | Reached skill level 1 in Necromancy
  2212 | D:3      | Reached skill level 1 in Translocations
  2212 | D:3      | Reached skill level 1 in Fire Magic
  2212 | D:3      | Reached skill level 1 in Ice Magic
  2212 | D:3      | Reached skill level 1 in Air Magic
  2212 | D:3      | Reached skill level 1 in Earth Magic
  2212 | D:3      | Reached skill level 1 in Poison Magic
  2330 | D:3      | Found a runed door.
  2330 | D:3      | Noticed a human
  2359 | D:3      | Reached XP level 5. HP: 17/40 MP: 12/12
  2538 | D:3      | Found a runed door.
  2543 | D:3      | Noticed Knicklaso's ghost (amateur DsWz)
  2996 | D:3      | Reached XP level 6. HP: 46/47 MP: 13/13
  3236 | D:3      | Found a basalt altar of Yredelemnul.
  3323 | D:3      | Reached skill level 5 in Dodging
  3728 | D:3      | Reached XP level 7. HP: 15/52 MP: 6/15
  4376 | D:3      | Reached skill level 7 in Unarmed Combat
  5058 | D:4      | Found an opulent altar of Gozag.
  5106 | D:4      | Found Gozag's Platinum Reserve.
  5118 | D:4      | Became a worshipper of Gozag Ym Sagoz the Greedy
  5247 | D:4      | Got a pair of steaming boots
  5253 | D:4      | Identified the cursed -4 pair of boots of the Depths {rPois
                  | Stlth+} (You found it on level 4 of the Dungeon)
  5648 | D:4      | Found a staircase to the Ecumenical Temple.
  5728 | D:5      | Entered Level 5 of the Dungeon
  5827 | D:5      | Reached XP level 8. HP: 56/60 MP: 13/16
  6043 | D:5      | Noticed a two-headed ogre
  6101 | D:5      | Found a hazy altar of Hepliaklqana.
  7147 | D:6      | Found an iron altar of Okawaru.
  7147 | D:6      | Found a deep blue altar of Sif Muna.
  7251 | D:7      | Reached XP level 9. HP: 50/66 MP: 18/18
  7360 | D:7      | Reached skill level 5 in Transmutations
  7489 | D:7      | Found a shadowy altar of Dithmenos.
  7799 | D:8      | Found a hide-covered altar of Uskayaw.
  7884 | D:8      | Found a staircase to the Lair.
  7982 | D:8      | Noticed a two-headed ogre
  7997 | D:8      | Killed a two-headed ogre
  7997 | D:8      | Reached skill level 5 in Fighting
  7997 | D:8      | Reached skill level 8 in Unarmed Combat
  8244 | D:8      | Noticed a komodo dragon
  8448 | D:8      | Reached skill level 5 in Invocations
  8716 | D:8      | Got a faintly glowing hand axe {drain}
  8717 | D:8      | Identified the +10 hand axe "Giantslayer" {drain, rC+} (You
                  | took it off an orc on level 8 of the Dungeon)
  8840 | D:8      | Found a bloodstained altar of Trog.
  9322 | D:9      | Reached XP level 10. HP: 62/74 MP: 20/20
  9839 | D:9      | Reached skill level 5 in Short Blades
  9839 | D:9      | Reached skill level 5 in Long Blades
  9839 | D:9      | Reached skill level 5 in Axes
  9839 | D:9      | Reached skill level 5 in Maces & Flails
  9839 | D:9      | Reached skill level 5 in Polearms
  9839 | D:9      | Reached skill level 5 in Staves
  9839 | D:9      | Reached skill level 5 in Slings
  9839 | D:9      | Reached skill level 5 in Bows
  9839 | D:9      | Reached skill level 5 in Crossbows
  9839 | D:9      | Reached skill level 5 in Throwing
  9839 | D:9      | Reached skill level 5 in Armour
  9839 | D:9      | Reached skill level 5 in Stealth
  9839 | D:9      | Reached skill level 5 in Shields
  9839 | D:9      | Reached skill level 5 in Evocations
  9845 | D:9      | Found a snail-covered altar of Cheibriados.
 10319 | D:9      | Found a white marble altar of Elyvilon.
 10500 | D:10     | Entered Level 10 of the Dungeon
 10509 | D:10     | Learned a level 3 spell: Mephitic Cloud
 10568 | D:10     | Noticed a kobold demonologist
 10587 | D:10     | Noticed chipichau's ghost (journeyman SpAr)
 10817 | D:10     | Noticed a deep elf mage
 10863 | D:10     | Killed a deep elf mage
 11036 | D:10     | Found a transporter.
 11038 | D:10     | Found a transporter.
 11142 | D:10     | Slain by a yak

Skill      XL: |  1  2  3  4  5  6  7  8  9 10 |
---------------+-------------------------------+-----
Spellcasting   | 5 6 7 |  7.5
Invocations    | 1 2 3 4 5 6 |  6.0
Short Blades   | 1 2 3 4 5 |  5.4
Long Blades    | 1 2 3 4 5 |  5.4
Axes           | 1 2 3 4 5 |  5.4
Maces & Flails | 1 2 3 4 5 |  5.4
Polearms       | 1 2 3 4 5 |  5.4
Staves         | 1 2 3 4 5 |  5.4
Slings         | 1 2 3 4 5 |  5.4
Bows           | 1 2 3 4 5 |  5.4
Crossbows      | 1 2 3 4 5 |  5.4
Throwing       | 1 2 3 4 5 |  5.4
Armour         | 1 2 3 4 5 |  5.4
Stealth        | 1 2 3 4 5 |  5.4
Shields        | 1 2 3 4 5 |  5.4
Evocations     | 1 2 3 4 5 |  5.4
Conjurations   | 1 2 3 4 |  4.5
Hexes          | 1 2 3 4 |  4.5
Charms         | 1 2 3 4 |  4.5
Summonings     | 1 2 3 4 |  4.5
Necromancy     | 1 2 3 4 |  4.5
Translocations | 1 2 3 4 |  4.5
Fire Magic     | 1 2 3 4 |  4.5
Ice Magic      | 1 2 3 4 |  4.5
Air Magic      | 1 2 3 4 |  4.5
Earth Magic    | 1 2 3 4 |  4.5
Poison Magic   | 1 2 3 4 |  4.5
Fighting       | 3 4 5 6 |  6.1
Transmutations | 4 5 6 |  6.0
Dodging        | 5 6 7 |  7.2
Unarmed Combat | 7 8 |  8.6

Action                   |  1- 3 |  4- 6 |  7- 9 | 10-12 || total
-------------------------+-------+-------+-------+-------++-------
Melee: Unarmed           |    54 |       |       |       ||    54
       Kick              |     6 |    17 |    46 |    12 ||    81
       Punch             |     4 |       |       |       ||     4
       Bite              |     5 |    41 |    50 |    15 ||   111
       Headbutt          |     2 |    15 |    35 |     6 ||    58
       Short sword       |    26 |   397 |   388 |       ||   811
       Hand axe          |       |       |    11 |   141 ||   152
 Cast: Beastly Appendage |    17 |    20 |    42 |     9 ||    88
       Sticks to Snakes  |     3 |    20 |    31 |     7 ||    61
Invok: Potion Petition   |       |       |     1 |     1 ||     2
Evoke: Wand              |       |       |     5 |       ||     5
  Use: Scroll            |     5 |     8 |    10 |     2 ||    25
       Potion            |       |       |     1 |       ||     1
 Stab: Sleeping          |     3 |     1 |     3 |     2 ||     9
       Distracted        |       |     1 |     2 |     2 ||     5
       Invisible         |       |       |     1 |       ||     1
  Eat: Chunk             |     1 |     6 |     2 |       ||     9
       Ration            |       |     1 |     5 |     3 ||     9
Armor: Robe              |     5 |    19 |    15 |       ||    39
       Leather armour    |       |       |     9 |     9 ||    18
Dodge: Dodged            |    53 |    80 |   180 |    80 ||   393
Block: Shield            |       |    97 |   208 |    91 ||   396
